 Dungeon Sprint DCSS version 0.30-a0-23-ge60ba3568b (webtiles) character file.

Game seed: 16642091568778140176

44819 enile the Scorcher (level 14, -3/258 HPs)
             Began as an Octopode Fire Elementalist on Aug 25, 2022.
             Was an Initiate of Gozag.
             Killed by divine providence
             ... invoked by a daeva
              (13 damage)
             ... in the Dungeon (Sprint V: "Ziggurat Sprint").
             The game lasted 00:27:15 (2921 turns).

enile the Scorcher (Octopode Fire Elementalist)     Turns: 2921, Time: 00:27:15

Health: -3/258     AC: 34    Str: 12    XL:     14   Next: 30%
Magic:  40/40      EV:  2    Int: 38    God:    Gozag
Gold:   1323       SH: 32    Dex: 18    Spells: 27/39 levels left

rFire   + + +      SeeInvis +    C - +8 lance "Wyrmbane" {slay drac, rPois rF+ rC+ AC+3}
rCold   + . .      Faith    .    A - +18 shield of the Gong {rElec rN+ Will+ EV-5}
rNeg    + + .      Spirit   .    (helmet currently unavailable)
rPois   +          Reflect  +    R - amulet of Life {Reflect rF+ Dex+3 SH+5}
rElec   +          Harm     .    s - +6 ring of dexterity
rCorr   .          Rampage  .    V - ring of Saoh {Fire +Blink rPois Int+5 Dex-3}
Will    ++...      NoTele   +    u - +6 ring of intelligence
Stlth   ..........               r - ring "Wiotediq" {rF+ rC+ rN+ Str+3 SInv}
HPRegen 0.53/turn                I - ring of wizardry
MPRegen 0.27/turn                W - ring of magical power
                                 v - +6 ring of intelligence
                                 U - ring "Riloep" {rElec AC+4 Stlth+}

@: mighty, brilliant, berserking (expiring), tree-form, glowing, very quick
A: stationary, stasis, torment immunity, boosted hp, almost no armour,
(amphibious), 8 rings, (camouflage 1), (gelatinous body 1), (nimble swimmer 1),
(tentacles)
a: Renounce Religion, Evoke Blink, Potion Petition, Call Merchant, Bribe Branch


You were in the Dungeon.
You worshipped Gozag.
Gozag was most pleased with you.
You were a tree.
You visited 1 branch You collected 11259 gold pieces.
You spent 2157 gold pieces at shops.
You paid 7779 gold pieces to Gozag.

Inventory:

Hand Weapons
 B - the +7 Singing Sword {vorpal, sonic wave}
   (You found it in the Dungeon)

   It inflicts extra damage upon your enemies.
   It radiates damaging sonic waves as it strikes, especially in combat
   involving dangerous or numerous foes.
 C - the +8 lance "Wyrmbane" (weapon) {slay drac, rPois rF+ rC+ AC+3}
   (You found it in the Dungeon)

   It inflicts extra damage against dragons and draconians.
   AC:        It affects your AC (+3).
   rF:        It protects you from fire.
   rC:        It protects you from cold.
   rPois:     It protects you from poison.
 D - the +5 sword of Power {vorpal}
   (You found it in the Dungeon)

   It inflicts extra damage upon your enemies.
   It occasionally discharges a powerful but inaccurate bolt of energy upon
   striking a foe, with increased chance the greater the wielder's current
   health.
 H - a +5 double sword
 Q - the +0 staff of Battle
   (You found it in the Dungeon)

   It enhances your conjuration magic.
   It summons a battlesphere in combat, with strength depending on Conjurations
   skill.
   Its strikes trigger the battlesphere's blasts.
 S - the +11 hand crossbow "Biycevex" {elec, +Blink rElec Str-2}
   (You found it in the Dungeon)

   Any ammunition fired from it occasionally discharges a powerful burst of
   electricity upon striking a foe.
   Str:       It affects your strength (-2).
   rElec:     It insulates you from electricity.
   +Blink:    It lets you blink.
Armour
 A - the +18 shield of the Gong (worn) {rElec rN+ Will+ EV-5}
   (You found it in the Dungeon)

   It is deafeningly noisy when blocking attacks.
   EV:        It affects your evasion (-5).
   rElec:     It insulates you from electricity.
   rN:        It protects you from negative energy.
   Will:      It increases your willpower.
 E - a +3 kite shield
Magical Staves
 J - a staff of earth
 T - a staff of fire
Jewellery
 j - the dreamshard necklace {*Dream Drain}
   (You found it in the Dungeon)

   [amulet of nothing]

   It shatters if its wearer takes lethal or near-lethal damage, preventing the
   blow and releasing protective dreams that heal and fight for the wearer.
   Drain:     It drains your maximum health when unequipped.
 l - a ring of resist corrosion
 r - the ring "Wiotediq" (on tentacle) {rF+ rC+ rN+ Str+3 SInv}
   (You found it in the Dungeon)

   [ring of protection from cold]

   Str:       It affects your strength (+3).
   rF:        It protects you from fire.
   rC:        It protects you from cold.
   rN:        It protects you from negative energy.
   SInv:      It lets you see invisible.
 s - a +6 ring of dexterity (left branch)
 t - a +6 ring of dexterity
 u - a +6 ring of intelligence (on tentacle)
 v - a +6 ring of intelligence (on tentacle)
 x - the amulet "Monaluvoge" {Drain Regen+ Dex+7}
   (You found it in the Dungeon)

   [amulet of regeneration]

   Dex:       It affects your dexterity (+7).
   Regen:     It increases your rate of health regeneration.
   Drain:     It drains your maximum health when unequipped.
 I - a ring of wizardry (on tentacle)
 L - the amulet "Hoeriropt" {Reflect *Corrode rPois rC+ Dex+2 SH+5}
   (You found it in the Dungeon)

   [amulet of reflection]

   It reflects blocked missile attacks.
   Dex:       It affects your dexterity (+2).
   rC:        It protects you from cold.
   rPois:     It protects you from poison.
   *Corrode:  It may corrode you when you take damage.
   SH:        It affects your SH (+5).
 M - an amulet of magic regeneration
 R - the amulet of Life (around neck) {Reflect rF+ Dex+3 SH+5}
   (You found it in the Dungeon)

   [amulet of reflection]

   It reflects blocked missile attacks.
   Dex:       It affects your dexterity (+3).
   rF:        It protects you from fire.
   SH:        It affects your SH (+5).
 U - the ring "Riloep" (on tentacle) {rElec AC+4 Stlth+}
   (You found it in the Dungeon)

   [ring of protection]

   AC:        It affects your AC (+4).
   rElec:     It insulates you from electricity.
   Stlth:     It makes you more stealthy.
 V - the ring of Saoh (right branch) {Fire +Blink rPois Int+5 Dex-3}
   (You took it off a necromancer in the Dungeon)

   [ring of fire]

   It enhances your fire magic.
   Int:       It affects your intelligence (+5).
   Dex:       It affects your dexterity (-3).
   rF:        It protects you from fire.
   rC:        It makes you vulnerable to cold.
   rPois:     It protects you from poison.
   +Blink:    It lets you blink.
 W - a ring of magical power (on tentacle)
 Z - the ring "Hahaidgh" {Ice MP+9 Dex+3}
   (You found it in the Dungeon)

   [ring of ice]

   It enhances your ice magic.
   Dex:       It affects your dexterity (+3).
   rF:        It makes you vulnerable to fire.
   rC:        It protects you from cold.
   MP:        It affects your magic capacity (+9).
Wands
 g - a wand of mindburst (5)
 h - a wand of acid (3)
Scrolls
 f - 3 scrolls of blinking
 n - 4 scrolls of amnesia
 o - 7 scrolls of butterflies
 p - 6 scrolls of identify
 K - 3 scrolls of brand weapon
 O - 2 scrolls of fear
Potions
 a - 8 potions of magic
 b - 6 potions of curing
 d - 6 potions of haste
 e - 2 potions of berserk rage
 i - 2 potions of brilliance
 k - 4 potions of resistance
 m - 6 potions of might
 F - a potion of lignification
Miscellaneous
 q - a phantom mirror (inert)
 w - a box of beasts (inert)
 y - a lightning rod (1/4)
 G - a tin of tremorstones (inert)
 N - a lightning rod (1/4)
 P - a phial of floods (inert)
 X - a condenser vane (inert)
 Y - a piece from Xom's chessboard (15/15)


   Skills:
 - Level 17.0 Fighting
 - Level 10.0 Long Blades
 - Level 16.0 Dodging
 - Level 6.0 Stealth
 - Level 3.0 Shields
 - Level 13.0 Spellcasting
 + Level 14.7 Conjurations
 - Level 18.0 Fire Magic
 - Level 16.0 Evocations


You had 27 spell levels left.
You knew the following spells:

 Your Spells              Type           Power      Damage    Failure   Level
a - Foxfire               Conj/Fire      100%       2x1d9     0%          1
b - Blink                 Tloc           74%        N/A       2%          2
c - Fire Storm            Conj/Fire      73%        8d19      89%         9

Your spell library contained the following spells:

 Spells                   Type           Power      Damage    Failure   Level
 Magic Dart               Conj           100%       1d8       0%          1
 Scorch                   Fire           100%       2d10      0%          2
 Conjure Flame            Conj/Fire      100%       6-21      0%          3
 Freeze                   Ice            100%       1d11      1%          1
 Sting                    Tmut/Pois      100%       1d8       1%          1
 Summon Small Mammal      Summ           100%       N/A       1%          1
 Static Discharge         Conj/Air       88%        3-14/arc  1%          2
 Dazzling Flash           Conj/Hex       100%       N/A       1%          3
 Ignite Poison            Fire/Tmut/Pois 100%       N/A       1%          3
 Inner Flame              Hex/Fire       100%       N/A       1%          3
 Mephitic Cloud           Conj/Pois/Air  75%        N/A       1%          3
 Stone Arrow              Conj/Erth      100%       3d13      1%          3
 Flame Wave               Conj/Fire      100%       2d21      1%          4
 Fulminant Prism          Conj/Hex       44%        3d20      1%          4
 Hailstorm                Conj/Ice       88%        3d18      1%          4
 Poisonous Vapours        Pois/Air       74%        N/A       2%          2
 Irradiate                Conj/Tmut      44%        3d26      2%          5
 Call Canine Familiar     Summ           37%        N/A       6%          3
 Lesser Beckoning         Tloc           37%        N/A       6%          3
 Ozocubu's Armour         Ice            37%        N/A       6%          3
 Summon Guardian Golem    Hex/Summ       37%        N/A       6%          3
 Ignition                 Fire           76%        3d20      8%          8
 Cause Fear               Hex            18%        N/A       17%         4
 Ice Form                 Ice/Tmut       37%        N/A       17%         4
 Leda's Liquefaction      Hex/Erth       18%        N/A       17%         4
 Olgreb's Toxic Radiance  Pois           37%        N/A       17%         4
 Alistair's Intoxication  Tmut/Pois      24%        N/A       43%         5
 Blade Hands              Tmut           18%        N/A       43%         5
 Borgnjor's Vile Clutch   Necr/Erth      18%        N/A       43%         5
 Lee's Rapid Deconstruct  Erth           18%        3d12*     43%         5
 Manifold Assault         Tloc           37%        N/A       43%         5
 Metabolic Englaciation   Hex/Ice        18%        N/A       43%         5
 Summon Forest            Summ/Tloc      18%        N/A       43%         5
 Spellforged Servitor     Conj/Summ      44%        N/A       56%         7
 Dispersal                Tloc           18%        N/A       93%         6
 Eringya's Noxious Bog    Tmut/Pois      18%        N/A       93%         6
 Statue Form              Tmut/Erth      24%        N/A       93%         6
 Summon Cactus Giant      Summ           18%        N/A       93%         6
 Dragon Form              Tmut           18%        N/A       100%        7
 Ozocubu's Refrigeration  Ice            18%        4d11      100%        7
 Storm Form               Tmut/Air       18%        N/A       100%        7
 Summon Hydra             Summ           18%        N/A       100%        7
 Disjunction              Tloc           18%        N/A       100%        8
 Chain Lightning          Conj/Air       44%        3d58      100%        9
 Death's Door             Necr           18%        N/A       100%        9
 Dragon's Call            Summ           18%        N/A       100%        9
 Polar Vortex             Ice            18%        N/A       100%        9
 Shatter                  Erth           18%        3d17*     100%        9
 Animate Armour           Summ/Erth      Unusable   N/A       N/A         4
 Simulacrum               Ice/Necr       Unusable   N/A       N/A         6

Dungeon Overview and Level Annotations

Branches:
Dungeon (1/1)

Altars:
Ashenzari
Cheibriados
Dithmenos
Elyvilon
Fedhas
Gozag
Hepliaklqana
Kikubaaqudgha
Makhleb
Nemelex Xobeh
Okawaru
Qazlal
Ru
Sif Muna
Trog
Uskayaw
Vehumet
Wu Jian
Xom
Yredelemnul
Zin
The Shining One
Jiyva
Lugonu

Shops:
D =*??*:

Annotations:
D 1 transporter


Innate Abilities, Weirdness & Mutations

You are a tree.
Your roots penetrate the ground, keeping you stationary.
You cannot be teleported.
You are immune to unholy pain and torment.
Your maximum health is greatly increased.
You cannot wear most types of armour.
((You are amphibious.))
You can wear up to eight rings at the same time.
((Your skin changes colour to match your surroundings (Stealth+).))
((Your rubbery body absorbs attacks. (AC +1, EV +1)))
((You are camouflaged when in or above water. (Stealth+)))
((You have tentacles for arms and can constrict up to eight enemies at once.))


Message History

You puncture the angel!
The angel is heavily wounded.
You block the angel's attack.
GONNNNG!
You block the angel's attack.
PANG!
The angel hits you but does no damage. You block the angel's attack.
GONNNNG!
The apis gores you!
* * * LOW HITPOINT WARNING * * *
The angel hits you with a +2 whip of holy wrath!
* * * LOW HITPOINT WARNING * * *
The angel hits you but does no damage.
You puncture the angel!
The angel is severely wounded.
The angel hits you but does no damage. You block the angel's attack.
GONNNNG!
You block the angel's attack.
SHROANNG!
The angel hits you but does no damage. You block the apis's attack.
PTOANNNG!
The daeva calls down the wrath of the Shining One upon you.
The Shining One smites you!
* * * LOW HITPOINT WARNING * * *
You are too berserk!
You miss the angel.
The angel is severely wounded.
You block the angel's attack.
SHROANNG!
You block the angel's attack.
GONNNNG!
You block the angel's attack.
BOUMMMMG!
The angel barely misses you.
The angel gestures.
The angel is healed somewhat.
The daeva calls down the wrath of the Shining One upon you.
The Shining One smites you!
You die...
Your body crumbles into a pile of gold.

▓▓▓▓▓▓▓▓▓▓▓▓▓▓▓▓▓▓▓▓▓▓▓▓ ▓▓▓
8_8_8©8_8_8_8▓▓......8©8 ▓..
........)).._▓▓..}}[=|)) ▓..
............8▓▓..==)[))})[::..▓..
.))........._▓▓...............▓..
.)).........8▓▓...............▓..
.))........._▓▓A♣Y......~~....▓..
..).........8▓▓Y.A......~.....▓..
............_▓▓.........~~....▓..
..[.........8▓▓.........Y~....▓..
..[.<......._▓▓.........Y.....▓.▓
............8▓▓...▓.......▓...▓..
............_▓▓..▓▓▓.....▓▓ .▓..
8_8_8_8_8_8_8▓▓.A.▓.......▓...▓..
▓▓▓▓▓▓▓▓▓▓▓▓▓▓▓...............▓▓▓


You could see 2 apis, a daeva and 2 angels.

Vanquished Creatures
  A nagaraja (D)
  A draconian stormcaller (D)
  A black draconian (D)
  3 white draconians (D)
  3 green draconians (D)
  3 purple draconians (D)
  5 red draconians (D)
  4 yellow draconians (D)
  An entropy weaver (D)
  2 hydras (D)
  A spriggan air mage (D)
  3 naga warriors (D)
  A spriggan berserker (D)
  A vampire mage (D)
  A hell hog (D)
  A wretched star (D)
  A skeletal warrior (D)
  A sun moth (D)
  A pharaoh ant (D)
  An orb spider (D)
  2 lindwurms (D)
  7 necromancers (D)
  3 wolf spiders (D)
  A worldbinder (D)
  An elephant (D)
  4 black mambas (D)
  3 guardian serpents (D)
  5 naga magi (D)
  A torpor snail (D)
  A smoke demon (D)
  3 komodo dragons (D)
  3 cane toads (D)
  4 rime drakes (D)
  A blink frog (D)
  A raiju (D)
  2 tarantellas (D)
  2 shadows (D)
  A culicivora (D)
  2 spriggans (D)
  2 wyverns (D)
  A ynoxinul (D)
  2 yaks (D)
  A steam dragon (D)
  4 redbacks (D)
  4 large abominations (D)
  A naga (D)
  2 hell hounds (D)
  4 water moccasins (D)
  2 swamp drakes (D)
  An orc warrior (D)
  2 black bears (D)
  3 wolves (D)
  A small abomination (D)
  A phantom (D)
  2 necrophages (D)
  3 bullfrogs (D)
  2 scorpions (D)
  4 wights (D)
  4 crimson imps (D)
  A quasit (D)
  2 orc priests (D)
  An iron imp (D)
  5 orc wizards (D)
  3 adders (D)
  5 white imps (D)
  An ufetubus (D)
  A bat skeleton (D)
  3 bat zombies (D)
  2 jackals (D)
  3 ball pythons (D)
  A ball python skeleton (D)
  A ball python zombie (D)
  3 giant cockroach zombies (D)
  A quokka skeleton (D)
162 creatures vanquished.

Vanquished Creatures (collateral kills)
  An entropy weaver (D)
  A jorogumo (D)
  A komodo dragon (D)
  A basilisk (D)
  A water moccasin (D)
5 creatures vanquished.

Grand Total: 167 creatures vanquished

Notes
Turn   | Place    | Note
-------+----------+-------------------------------------------
     0 | D        | enile the Octopode Fire Elementalist began the quest for
                  | the Orb.
     0 | D        | Reached XP level 1. HP: 11/11 MP: 3/3
     0 | D        | Found a blossoming altar of Fedhas.
     0 | D        | Found the +6 Majin-Bo {vamp, MP+6 Int+6}
     0 | D        | Found the +9 heavy crossbow "Sniper" {vorpal, Acc+∞ SInv}
     0 | D        | Found the +10 dark maul {vorpal}
     0 | D        | Found the +15 Maxwell's patent armour {-Cast -Tele rElec
                  | Will+ rCorr}
     0 | D        | Found the +18 shield of the Gong {rElec rN+ Will+ EV-5}
     0 | D        | Found the +14 obsidian axe {vorpal, Mesm Drain Fly SInv}
     0 | D        | Found the +7 great mace "Firestarter" {inner flame, rF++}
     0 | D        | Found the +6 shillelagh "Devastator" {shatter}
     0 | D        | Found the +11 plutonium sword {Contam Stlth-}
     0 | D        | Found the +8 lance "Wyrmbane" {slay drac, rPois rF+ rC+
                  | AC+3}
     0 | D        | Found the +9 sword of Zonguldrok {reap}
     0 | D        | Found the +13 scythe of Curses {drain, Drain}
     0 | D        | Found the +5 sword of Power {vorpal}
     0 | D        | Found the +7 mace of Variability {chain chaos}
     0 | D        | Found the +7 Singing Sword {vorpal, sonic wave}
     0 | D        | Found the +8 storm bow {elec, penet}
     1 | D        | Found a viscous altar of Jiyva.
     1 | D        | Found a transporter.
     1 | D        | Found a hazy altar of Hepliaklqana.
     1 | D        | Found an ancient bone altar of Kikubaaqudgha.
     1 | D        | Found an opulent altar of Gozag.
     1 | D        | Found a corrupted altar of Lugonu.
    11 | D        | Became a worshipper of Gozag Ym Sagoz the Greedy
    16 | D        | Found a burning altar of Makhleb.
    17 | D        | Found a sacrificial altar of Ru.
    17 | D        | Found a stormy altar of Qazlal.
    17 | D        | Found a shimmering blue altar of Sif Muna.
    17 | D        | Found an iron altar of Okawaru.
    17 | D        | Found a bloodstained altar of Trog.
    17 | D        | Found a sparkling altar of Nemelex Xobeh.
    37 | D        | Reached XP level 2. HP: 22/22 MP: 5/5
    77 | D        | Entered arena 2.
    77 | D        | Found a transporter.
    94 | D        | Entered arena 3.
    94 | D        | Noticed a wolf
    94 | D        | Found a transporter.
    99 | D        | Killed a wolf
   100 | D        | Reached XP level 3. HP: 12/32 MP: 6/6
   100 | D        | Reached XP level 4. HP: 15/38 MP: 7/7
   315 | D        | Entered arena 4.
   315 | D        | Found a transporter.
   319 | D        | Reached skill level 5 in Dodging
   319 | D        | Reached XP level 5. HP: 43/43 MP: 8/8
   328 | D        | Got the Spellbook of the Unstable Dead
   331 | D        | Entered arena 5.
   331 | D        | Noticed a black bear
   331 | D        | Noticed a spriggan
   331 | D        | Noticed a spriggan
   331 | D        | Noticed a black bear
   331 | D        | Found a transporter.
   333 | D        | Killed a black bear
   334 | D        | Killed a spriggan
   335 | D        | Reached skill level 10 in Evocations
   335 | D        | Reached XP level 6. HP: 49/49 MP: 9/9
   335 | D        | Killed a black bear
   335 | D        | Killed a spriggan
   336 | D        | Reached skill level 10 in Dodging
   336 | D        | Reached XP level 7. HP: 54/54 MP: 10/10
   353 | D        | Entered arena 6.
   353 | D        | Found the +0 staff of Battle
   353 | D        | Noticed a rime drake
   353 | D        | Noticed a steam dragon
   353 | D        | Noticed a rime drake
   353 | D        | Found a transporter.
   356 | D        | Killed a steam dragon
   356 | D        | Killed a rime drake
   357 | D        | Reached skill level 10 in Fighting
   357 | D        | Reached XP level 8. HP: 52/64 MP: 11/11
   357 | D        | Killed a rime drake
   556 | D        | Entered arena 7.
   556 | D        | Noticed a tarantella
   556 | D        | Noticed a wolf spider
   557 | D        | Found a transporter.
   560 | D        | Reached skill level 5 in Long Blades
   563 | D        | Killed a tarantella
   563 | D        | Killed a wolf spider
   564 | D        | Reached XP level 9. HP: 37/73 MP: 12/12
   736 | D        | Got the amulet of Life {Reflect rF+ Dex+3 SH+5}
   749 | D        | Entered arena 8.
   750 | D        | Found a transporter.
   778 | D        | Entered arena 9.
   779 | D        | Found a transporter.
   795 | D        | Got the ring "Riloep" {rElec AC+4 Stlth+}
   821 | D        | Entered arena 10.
   822 | D        | Found a transporter.
   885 | D        | Entered arena 11.
   886 | D        | Found a transporter.
   896 | D        | Reached XP level 10. HP: 79/83 MP: 13/13
   950 | D        | Bought a book of Annihilations for 960 gold pieces
   957 | D        | Entered arena 12.
   957 | D        | Noticed a guardian serpent
   957 | D        | Noticed a nagaraja
   958 | D        | Noticed a guardian serpent
   958 | D        | Noticed a naga warrior
   958 | D        | Noticed a naga mage
   961 | D        | Reached skill level 4 in Fire Magic
   965 | D        | Killed a guardian serpent
   966 | D        | Reached skill level 6 in Fire Magic
   968 | D        | Killed a nagaraja
   969 | D        | Reached skill level 9 in Fire Magic
   973 | D        | Killed a guardian serpent
   974 | D        | Reached skill level 10 in Fire Magic
   974 | D        | Killed a naga mage
   975 | D        | Reached skill level 5 in Spellcasting
   976 | D        | Found a transporter.
   978 | D        | Killed a naga warrior
  1149 | D        | Got the ring "Hahaidgh" {Ice MP+9 Dex+3}
  1151 | D        | Got the Codex of the Seven Visions
  1181 | D        | Entered arena 13.
  1181 | D        | Noticed a black mamba
  1181 | D        | Noticed a naga warrior
  1181 | D        | Noticed a guardian serpent
  1181 | D        | Noticed a naga mage
  1181 | D        | Noticed a black mamba
  1182 | D        | Noticed a naga mage
  1182 | D        | Noticed a black mamba
  1182 | D        | Noticed a naga mage
  1182 | D        | Noticed a naga warrior
  1182 | D        | Noticed a naga mage
  1183 | D        | Killed a black mamba
  1183 | D        | Killed a naga mage
  1184 | D        | Reached XP level 11. HP: 53/89 MP: 21/24
  1198 | D        | Reached skill level 15 in Fighting
  1199 | D        | Killed a naga warrior
  1200 | D        | Reached skill level 5 in Conjurations
  1213 | D        | Killed a naga warrior
  1341 | D        | Found a transporter.
  1389 | D        | Entered arena 14.
  1390 | D        | Found the +8 longbow "Zephyr" {speed, Dex+3 SInv}
  1390 | D        | Noticed a six-headed hydra
  1402 | D        | Killed a six-headed hydra
  1403 | D        | Reached skill level 10 in Conjurations
  1407 | D        | Reached skill level 11 in Fire Magic
  1528 | D        | Found a transporter.
  1545 | D        | Got the amulet "Hoeriropt" {Reflect *Corrode rPois rC+
                  | Dex+2 SH+5}
  1551 | D        | Got the ring "Wiotediq" {rF+ rC+ rN+ Str+3 SInv}
  1561 | D        | Got the Tome of Arcane Weapons
  1575 | D        | Entered arena 15.
  1576 | D        | Noticed a wolf spider
  1576 | D        | Noticed a wolf spider
  1576 | D        | Noticed a pharaoh ant
  1576 | D        | Noticed an orb spider
  1576 | D        | Noticed a sun moth
  1577 | D        | Noticed an entropy weaver
  1578 | D        | Noticed a jorogumo
  1578 | D        | Noticed an entropy weaver
  1580 | D        | Killed a pharaoh ant
  1581 | D        | Reached skill level 12 in Fire Magic
  1582 | D        | Killed a wolf spider
  1583 | D        | Reached skill level 13 in Fire Magic
  1583 | D        | Reached XP level 12. HP: 54/98 MP: 25/25
  1583 | D        | Killed a jorogumo
  1584 | D        | Reached skill level 14 in Fire Magic
  1584 | D        | Found a transporter.
  1584 | D        | Killed an entropy weaver
  1585 | D        | Reached skill level 15 in Dodging
  1588 | D        | Killed an entropy weaver
  1830 | D        | Got the amulet "Monaluvoge" {Drain Regen+ Dex+7}
  1832 | D        | Bought a potion of lignification for 57 gold pieces
  1832 | D        | Bought a potion of curing for 57 gold pieces
  1832 | D        | Bought a potion of lignification for 57 gold pieces
  1832 | D        | Bought a potion of might for 76 gold pieces
  1841 | D        | Bought a scroll of butterflies for 60 gold pieces
  1841 | D        | Bought a scroll of immolation for 60 gold pieces
  1841 | D        | Bought a scroll of fear for 60 gold pieces
  1841 | D        | Bought a scroll of identify for 30 gold pieces
  1868 | D        | Bought a scroll of torment for 180 gold pieces
  1868 | D        | Bought a scroll of summoning for 180 gold pieces
  1868 | D        | Bought a scroll of fear for 76 gold pieces
  1868 | D        | Bought a scroll of butterflies for 76 gold pieces
  1868 | D        | Bought a scroll of butterflies for 76 gold pieces
  1868 | D        | Bought a scroll of butterflies for 76 gold pieces
  1868 | D        | Bought a scroll of fear for 76 gold pieces
  1888 | D        | Entered arena 16.
  1889 | D        | Noticed a wretched star
  1889 | D        | Noticed a hell hog
  1892 | D        | Noticed a deep elf knight
  1893 | D        | Killed a hell hog
  1894 | D        | Killed a wretched star
  1936 | D        | Found a transporter.
  1958 | D        | Got Sif Muna's Almanac of Shivering Fascination
  1960 | D        | Got Xaudgh's Vellum of Graupel
  1964 | D        | Got the Exposition on Petrous Glamour
  1989 | D        | Got the +11 hand crossbow "Biycevex" {elec, +Blink rElec
                  | Str-2}
  2043 | D        | Entered arena 17.
  2061 | D        | Identified the ring of Saoh {Fire +Blink rPois Int+5 Dex-3}
  2061 | D        | Noticed a vampire mage
  2066 | D        | Reached XP level 13. HP: 103/103 MP: 28/30
  2067 | D        | Reached skill level 10 in Long Blades
  2085 | D        | Found a transporter.
  2149 | D        | Learned a level 2 spell: Blink
  2166 | D        | Entered arena 18.
  2201 | D        | Found a transporter.
  2474 | D        | Entered arena 19.
  2477 | D        | Noticed a white draconian
  2477 | D        | Noticed a white draconian
  2477 | D        | Noticed a red draconian
  2477 | D        | Noticed a black draconian
  2477 | D        | Noticed a yellow draconian
  2477 | D        | Noticed a yellow draconian
  2477 | D        | Noticed a green draconian
  2477 | D        | Noticed a green draconian
  2477 | D        | Noticed a purple draconian
  2477 | D        | Found the dreamshard necklace {*Dream Drain}
  2478 | D        | Noticed a red draconian
  2478 | D        | Noticed a white draconian
  2478 | D        | Noticed a red draconian
  2478 | D        | Noticed a white draconian stormcaller
  2479 | D        | Noticed a red draconian
  2479 | D        | Noticed a purple draconian
  2479 | D        | Identified the +11 trident "Hixky" {antimagic, Will- Str+4
                  | Dex+6}
  2479 | D        | Noticed a green draconian
  2479 | D        | Noticed a yellow draconian
  2481 | D        | Noticed a yellow draconian
  2481 | D        | Noticed a purple draconian
  2481 | D        | Noticed a red draconian
  2486 | D        | HP: 1/103 [white draconian/blast of cold (24)]
  2490 | D        | Killed a red draconian
  2491 | D        | Killed a green draconian
  2491 | D        | Killed a yellow draconian
  2491 | D        | Killed a black draconian
  2491 | D        | Killed a green draconian
  2491 | D        | Killed a yellow draconian
  2492 | D        | Reached skill level 16 in Fire Magic
  2492 | D        | Killed a white draconian
  2492 | D        | Killed a green draconian
  2492 | D        | Killed a yellow draconian
  2492 | D        | Killed a white draconian
  2492 | D        | Killed a yellow draconian
  2492 | D        | Killed a purple draconian
  2492 | D        | Killed a white draconian
  2492 | D        | Killed a purple draconian
  2493 | D        | Reached skill level 18 in Fire Magic
  2493 | D        | Reached XP level 14. HP: 61/113 MP: 31/31
  2494 | D        | Killed a white draconian stormcaller
  2497 | D        | Killed a red draconian
  2498 | D        | Reached skill level 15 in Evocations
  2508 | D        | Killed a red draconian
  2515 | D        | Killed a red draconian
  2518 | D        | Killed a red draconian
  2551 | D        | Killed a purple draconian
  2818 | D        | Found a transporter.
  2843 | D        | Got the Directory of Nocuous Pyromania
  2864 | D        | Learned a level 9 spell: Fire Storm
  2864 | D        | Entered arena 20.
  2869 | D        | Noticed a daeva
  2869 | D        | Noticed an angel
  2869 | D        | Noticed an angel
  2869 | D        | Noticed an apis
  2869 | D        | Noticed an apis
  2896 | D        | Found a transporter.
  2920 | D        | HP: 10/258 [daeva/divine providence (12)]
  2921 | D        | Killed from afar by a daeva

Illustrated notes

Levels and vault maps discovered:
D:        sprint_v [room_start, room_1, room_2, room_3, room_4, room_5, room_6,
          room_7, room_8, room_9, room_10, room_11, room_12, room_13, room_14,
          room_15, room_16, room_17, room_18, room_19, room_20, room_21,
          room_22, room_23, room_24, room_25, room_26, room_27]

Skill      XL: |  1  2  3  4  5  6  7  8  9 10 11 12 13 14 |
---------------+-------------------------------------------+-----
Fighting       | 4 7 10 12 13 15 16 17 | 17.0
Dodging        | 4 5 7 10 12 14 16 | 16.0
Evocations     | 4 10 12 14 16 | 16.0
Stealth        | 3 6 |  6.0
Long Blades    | 3 4 6 9 10 | 10.0
Shields        | 2 3 |  3.0
Fire Magic     | 10 13 14 18 | 18.0
Spellcasting   | 9 13 | 13.0
Conjurations   | 10 14 | 14.7

Action                   |  1- 3 |  4- 6 |  7- 9 | 10-12 | 13-15 || total
-------------------------+-------+-------+-------+-------+-------++-------
Melee: Double sword      |     3 |     4 |    21 |    32 |    24 ||    84
       Constrict         |       |     1 |     5 |     3 |     3 ||    12
       Tentacles         |       |       |     6 |     9 |     5 ||    20
       Staff             |       |       |       |     3 |       ||     3
       Lance             |       |       |       |       |     8 ||     8
Invok: Call Merchant     |       |       |     1 |     4 |     1 ||     6
       Potion Petition   |       |       |       |       |     4 ||     4
 Abil: Evoke Blink       |       |       |       |       |     1 ||     1
Evoke: Lightning rod     |     1 |     3 |    18 |    11 |     7 ||    40
       Wand              |       |       |       |     6 |       ||     6
       Tin of tremorston |       |       |       |     6 |    11 ||    17
       Phantom mirror    |       |       |       |     5 |     4 ||     9
       Condenser vane    |       |       |       |     4 |     4 ||     8
       Phial of floods   |       |       |       |     1 |     2 ||     3
       Box of beasts     |       |       |       |       |     3 ||     3
  Use: Potion            |     1 |       |       |     9 |    10 ||    20
       Scroll            |       |       |       |     6 |     6 ||    12
Armor: Skin              |     1 |       |       |     1 |    17 ||    19
Dodge: Dodged            |     2 |     1 |     6 |    37 |    14 ||    60
Block: Kite shield       |     8 |     4 |    26 |    95 |    68 ||   201
       Reflection        |       |       |     1 |     5 |     1 ||     7

Table legend: (Time is in decaauts)
 A = Elapsed time spent in this place.
 B = Non-inter-level travel time spent in this place.
 C = Inter-level travel time spent in this place.
 D = Time resting spent in this place.
 E = Time spent auto-exploring this place.
 F = Levels seen in this place.
 G = Mean time per level.
                   A        B        C        D        E       F      G
               +--------+--------+--------+--------+--------+-----+--------+
         Total |   2911 |   2911 |      0 |      0 |   1989 |   1 | 2911.0 |
       Dungeon |   2911 |   2911 |      0 |      0 |   1989 |   1 | 2911.0 |
               +--------+--------+--------+--------+--------+-----+--------+

Top non-repeatable levels by time:
       D: 2911 daAuts
